 Dungeon Crawl Stone Soup version bcrawl-1.28.1b (webtiles) character file.

Game seed: 13735367930915621639

154508 Morbidden the Sneak (level 4, -3/25 HPs)
             Began as a Vine Stalker Archaeologist on Dec 15, 2020.
             Killed from afar by an orc wizard (6 damage)
             ... with a magic dart
             ... on level 2 of the Dungeon.
             The game lasted 00:02:54 (1695 turns).

Morbidden the Sneak (Vine Stalker Archaeologist)    Turns: 1695, Time: 00:02:54

Health: -3/25      AC:  7    Str: 12 (14) XL:     4   Next: 86%
Magic:  5/5        EV: 13    Int: 13 (15) God:
Gold:   87         SH:  0    Dex: 10 (12) Spells: 3/3 levels left

rFire    . . .     SeeInvis .   a - +0 whip
rCold    . . .     Gourm    .   (no shield)
rNeg     . . .     Faith    .   b - +1 robe
rPois    +         Spirit   .   c - +1 hat
rElec    .         Reflect  .   h - +0 cloak
rCorr    .         Harm     .   (no gloves)
MR       .....                  d - +1 pair of boots
Stlth    +++.......             (no amulet)
HPRegen  0.48/turn              m - ring of poison resistance
MPRegen  0.09/turn              (no ring)

@: no status effects
A: fangs 2, regeneration 1, no potion heal 3, rot immunity, strong jaws
a: no special abilities


You were on level 2 of the Dungeon.
You were not hungry.

You visited 1 branch of the dungeon, and saw 3 of its levels.

You collected 87 gold pieces.

Inventory:

Hand Weapons
 a - a +0 whip (weapon)
Armour
 b - a +1 robe (worn)
 c - a +1 hat (worn)
 d - a +1 pair of boots (worn)
 h - a +0 cloak (worn)
Jewellery
 m - a ring of poison resistance (left hand)
Scrolls
 g - a scroll of magic mapping
 p - a scroll of blinking {unknown}
 q - a scroll of identify
Potions
 n - a potion of curing {unknown}
 o - 2 potions of agility {unknown}
Miscellaneous
 f - a dusty tome
Comestibles
 e - 5 rations {!d}
 j - 2 chunks of flesh


   Skills:
 * Level 1.5 Fighting
 + Level 2.0 Maces & Flails
 * Level 4.6 Dodging
 + Level 5.3 Stealth


You had 3 spell levels left.
You didn't know any spells.
Your spell library was empty.

Dungeon Overview and Level Annotations

Branches:
Dungeon (3/12)

Altars:


Innate Abilities, Weirdness & Mutations

You have extremely sharp teeth.
Your natural rate of healing is unusually fast.
Potions cannot restore your health.
You are immune to rotting.
Your bites deal extra damage.


Message History

A puff of flame appears from out of thin air!
The puff of flame misses you. Something hits you but does no damage.
Unknown command.
It was a potion of resistance.
You feel protected. Something hits you.
* * * LOW HITPOINT WARNING * * *
No path to travel!
It was a potion of cancellation.
Your magical effects are unravelling.
You feel magically purged.
Your resistance to elements expires.
You hear some strange, mumbled words.
A puff of frost appears from out of thin air!
The puff of frost hits you.
* * * LOW HITPOINT WARNING * * *
You hear some strange, mumbled words.
A magic dart appears from out of thin air!
The magic dart hits you.
You die...

############
#>.........#####
#.####.###.#...# #{####.#
#.....# #.@....# ##....##
#######......# #.....#
#....##......#####).#.###
#.............)..........
#......###########..#.###
#......# ######'#+##
######.# ##...(.....# #.#
#..........# #.#
#..........#


There were no monsters in sight!

Vanquished Creatures
  Jessica (D:2)
  A gnoll (D:1)
  3 adders (D:3)
  2 worms (D:2)
  A dart slug (D:1)
  5 leopard geckos
  2 orcs (D:3)
  4 ball pythons
  A bat (D:1)
  A giant cockroach (D:1)
  3 goblins
  3 hobgoblins
  2 kobolds (D:1)
  5 rats
34 creatures vanquished.

Notes
Turn   | Place    | Note
-------+----------+-------------------------------------------
     0 | D:1      | Morbidden the Vine Stalker Archaeologist began the quest
                  | for the Orb.
     0 | D:1      | Reached XP level 1. HP: 11/11 MP: 2/2
   247 | D:2      | Reached skill level 1 in Fighting
   247 | D:2      | Reached XP level 2. HP: 16/16 MP: 3/3
   280 | D:2      | Noticed Jessica
   321 | D:2      | Reached skill level 1 in Maces & Flails
   445 | D:2      | Killed Jessica
   446 | D:2      | Reached XP level 3. HP: 20/20 MP: 4/4
   628 | D:2      | Reached skill level 5 in Stealth
   921 | D:1      | Reached XP level 4. HP: 15/25 MP: 5/5
  1695 | D:2      | Killed from afar by an orc wizard

Skill      XL: |  1  2  3  4 |
---------------+-------------+-----
Fighting       | 1 |  1.5
Maces & Flails | 1 2 |  2.0
Dodging        | 4 |  4.6
Stealth        | 5 |  5.3

Action                   |  1- 3 |  4- 6 || total
-------------------------+-------+-------++-------
Melee: Whip              |   113 |    76 ||   189
       Bite              |    10 |    10 ||    20
  Use: Potion            |       |     3 ||     3
       Scroll            |       |     1 ||     1
 Stab: Sleeping          |     6 |     7 ||    13
  Eat: Chunk             |     3 |     4 ||     7
Armor: Robe              |    27 |    18 ||    45
Dodge: Dodged            |    83 |    52 ||   135
